 Dungeon Crawl Stone Soup version 0.14-a0-1719-ga7e7698 (webtiles) character file.

214 HollowCharge the Skirmisher (level 5, 0/34 HPs)
             Began as a Tengu Fighter on Jan 2, 2014.
             Succumbed to a worker ant's poison
             ... on Level 4 of the Dungeon.
             The game lasted 00:11:59 (3178 turns).

HollowCharge the Skirmisher (Tengu Fighter)         Turns: 3178, Time: 00:11:59

HP   0/34        AC  4     Str 16      XL: 5   Next: 18%
MP   7/7         EV  8     Int 13      God:
Gold 79          SH 18     Dex 15      Spells:  0 memorised,  4 levels left

rFire  + . .     SeeInvis .     a - +0,+1 falchion
rCold  . . .     Clarity  .     g - +1 leather armour
rNeg   . . .     Conserve .     c - +0 shield
rPois  .         rCorr    .     (helmet restricted)
rElec  .         rRot     .     (no cloak)
SustAb . .       Spirit   .     (no gloves)
rMut   .         Warding  .     (boots unavailable)
Saprov . . .     Stasis   .     (no amulet)
                                (no ring)
                                l - ring of protection from fire

@: brilliant, mildly poisoned, slightly resistant to hostile enchantments,
unstealthy
A: able to fly, beak, talons 3
a: Fly


You were on level 4 of the Dungeon.
You were not hungry.

You visited 1 branch of the dungeon, and saw 4 of its levels.

You collected 79 gold pieces.

Inventory:

Hand weapons
 a - a +0,+1 falchion (weapon)
Armour
 b - a +0 scale mail
 c - a +0 shield (worn)
 g - a +1 leather armour (worn)
Comestibles
 d - 3 bread rations
 f - 2 pears
 h - a choko
Scrolls
 q - a scroll of enchant weapon II
 r - a scroll of enchant armour
Jewellery
 l - a ring of protection from fire (left hand)
Potions
 e - a potion of brilliance
 i - a potion of curing {unknown}
 k - 2 potions of restore abilities {unknown}
 o - 3 potions of poison {unknown}
 p - a potion of degeneration {unknown}


   Skills:
 + Level 4.5 Fighting
 + Level 4.2 Long Blades
 - Level 3.2 Armour
 - Level 3.0 Shields


You had 4 spell levels left.
You didn't know any spells.

Dungeon Overview and Level Annotations

Branches:
Dungeon (4/16)
 Temple: D:4-7

Altars:
Trog


Innate Abilities, Weirdness & Mutations

You can fly.
You have a beak for a mouth.
You have claws for feet.


Message History

You are more poisoned.
The worker ant poisons you!
Your shield prevents you from hitting the worker ant.
The worker ant is moderately wounded.
The worker ant bites you but does no damage.
The worker ant bites you.
* * * LOW HITPOINT WARNING * * *
You are more poisoned.
The worker ant poisons you!
As you read the scroll of fear, it crumbles to dust.
You assume a fearsome visage.
The worker ant looks frightened!
* * * LOW HITPOINT WARNING * * *
You feel sick.
* * * LOW HITPOINT WARNING * * *
You feel sick.
* * * LOW HITPOINT WARNING * * *
You feel sick.
You feel clever all of a sudden.
It was a potion of brilliance.
You die...

#......?.#
#..........
#...........
#....8......
#...........
#..............#
#........###...#
#..........+...#
#.@..#.!...#...#
#....#.....#...#
#....#######...####
#.....>............
#..................
#..................
#...........<.#####
#.............#
#.............#


There were no monsters in sight!

Vanquished Creatures
  A hound skeleton (D:4)
  4 adders
  3 worms (D:2)
  3 giant geckos
  An ooze (D:3)
  5 orcs (D:3)
  9 bats
  4 giant cockroaches
  5 goblins
  7 hobgoblins
  A quokka (D:2)
  A ball python (D:1)
  5 giant newts
  7 kobolds
  6 rats
  A rat skeleton (D:4)
63 creatures vanquished.

Vanquished Creatures (others)
  A goblin (D:3)
1 creature vanquished.

Grand Total: 64 creatures vanquished

Notes
Turn   | Place    | Note
--------------------------------------------------------------
     0 | D:1      | HollowCharge, the Tengu Fighter, began the quest for the Orb.
     0 | D:1      | Reached XP level 1. HP: 14/14 MP: 1/1
   268 | D:1      | Reached XP level 2. HP: 16/19 MP: 3/3
   817 | D:2      | Reached XP level 3. HP: 19/23 MP: 4/4
  1289 | D:2      | Reached skill level 4 in Fighting
  1289 | D:2      | Reached XP level 4. HP: 20/29 MP: 5/5
  3032 | D:3      | Found a bloodstained altar of Trog.
  3047 | D:3      | Reached XP level 5. HP: 27/34 MP: 7/7
  3177 | D:4      | HP: 1/34 [poisoned by a worker ant]
  3178 | D:4      | Succumbed to a worker ant's poison

Action                   |  1- 3 |  4- 6 || total
-------------------------+-------+-------++-------
Melee: Falchion          |    89 |    83 ||   172
 Abil: Fly               |       |     1 ||     1
  Use: Scroll            |     6 |     4 ||    10
       Potion            |       |     1 ||     1
 Stab: Sleeping          |     2 |     1 ||     3
